 Dungeon Crawl Stone Soup version 0.26-a0-466-g989023bd0d (webtiles) character file.

Game seed: 5264944122726455409

723 pk666 the Magician (level 7, -1/36 HPs)
             Began as a Deep Elf Hedge Wizard on Aug 10, 2020.
             Slain by a lemure (8 damage)
             ... led by Pikel
             ... on level 3 of the Dungeon.
             The game lasted 00:16:11 (7345 turns).

pk666 the Magician (Deep Elf Hedge Wizard)          Turns: 7345, Time: 00:16:14

Health: -1/36      AC:  3    Str:  7    XL:     7   Next: 43%
Magic:  1/19       EV: 13    Int: 21    God:
Gold:   184        SH:  0    Dex: 14    Spells: 9/20 levels left

rFire    . . .     SeeInvis .   a - +0 dagger
rCold    . . .     Faith    .   (no shield)
rNeg     . . .     Spirit   .   b - +0 robe
rPois    .         Reflect  .   c - +0 hat
rElec    .         Harm     .   (no cloak)
rCorr    .                      e - +0 pair of gloves
MR       +....                  (no boots)
Stlth    ++........             (no amulet)
HPRegen  0.12/turn              f - ring of protection from magic
MPRegen  0.16/turn              (no ring)

@: no status effects
A: no striking features
a: no special abilities


You were on level 3 of the Dungeon.
You visited 1 branch of the dungeon, and saw 4 of its levels.

You collected 184 gold pieces.

Inventory:

Hand Weapons
 a - a +0 dagger (weapon)
Armour
 b - a +0 robe (worn)
 c - a +0 hat (worn)
 e - a +0 pair of gloves (worn)
Jewellery
 f - a ring of protection from magic (left hand)
Scrolls
 d - 5 scrolls of identify {unknown}
 g - a scroll of teleportation {unknown}
 j - 3 scrolls of immolation {unknown}
 n - a scroll of fog {unknown}
 o - 2 scrolls of remove curse {unknown}
 p - a scroll of magic mapping {unknown}
 q - 2 scrolls of enchant weapon {unknown}
 s - a scroll of random uselessness {unknown}
Potions
 h - a potion of cancellation {unknown}
 i - 3 potions of stabbing {unknown}
 k - a potion of flight {unknown}
 l - a potion of resistance {unknown}
 m - a potion of ambrosia {unknown}
 r - 2 potions of mutation {unknown}
 t - 2 potions of heal wounds {unknown}


   Skills:
 - Level 2.4 Dodging
 - Level 2.4 Stealth
 + Level 7.2 Spellcasting
 + Level 4.6 Conjurations
 - Level 2.0 Summonings
 - Level 2.0 Translocations
 + Level 4.0 Fire Magic
 - Level 2.0 Air Magic
 - Level 2.0 Poison Magic


You had 9 spell levels left.
You knew the following spells:

 Your Spells              Type           Power        Failure   Level
a - Magic Dart            Conj           ####         1%          1
b - Blink                 Tloc           N/A          6%          2
c - Conjure Flame         Conj/Fire      ####....     4%          3
d - Mephitic Cloud        Conj/Pois/Air  ###.....     8%          3
e - Call Imp              Summ           ###.....     6%          2

Your spell library contained the following spells:

 Spells                   Type           Power        Failure   Level
 Gell's Gravitas          Tloc           ###.......   12%         3
 Slow                     Hex            #.......     13%         2
 Confusing Touch          Hex            #.......     26%         3
 Petrify                  Tmut/Erth      #.......     65%         4
 Metabolic Englaciation   Hex/Ice        #.........   94%         5
 Yara's Violent Unravell  Hex/Tmut       #.........   94%         5


Dungeon Overview and Level Annotations

Branches:
Dungeon (4/15)
 Temple: D:4-7

Altars:
Cheibriados
Elyvilon
Fedhas
Hepliaklqana
Kikubaaqudgha
Nemelex Xobeh

Annotations:
D:4 Pikel


Message History

The lemure is almost dead.
The lemure closely misses you.
Casting: Magic Dart (safe; 1% risk of failure)
Confirm with . or Enter, or press ? or * to list all spells.
Aiming: Magic Dart (safe; 1% risk of failure)
Press: ? - help, Shift-Dir - straight line, f/p - lemure
Aim: a lemure (almost dead)
The magic dart hits the lemure but does no damage.
The lemure is almost dead.
The lemure hits you.
* * * LOW HITPOINT WARNING * * *
Casting: Magic Dart (safe; 1% risk of failure)
Confirm with . or Enter, or press ? or * to list all spells.
Aiming: Magic Dart (safe; 1% risk of failure)
Press: ? - help, Shift-Dir - straight line, f/p - lemure
Aim: a lemure (almost dead)
The magic dart hits the lemure but does no damage.
The lemure is almost dead.
The lemure hits you!
You die...

###### #....#
#########.@..# ##########
#..........5.# ##.........
###..###.....####..........
##.###...................
#.......................
######.####.............
#.## ###......(....
#..#####...........
##....###..........


You could see a lemure.

Vanquished Creatures
  2 phantoms (D:4)
  2 lemures
  A killer bee (D:4)
  A hound (D:4)
  2 orc priests (D:4)
  3 orc wizards
  5 worker ants
  7 adders
  4 gnolls (D:4)
  An ooze (D:3)
  An adder skeleton (D:4)
  6 worms
  3 dart slugs
  4 leopard geckos
  12 orcs
  A ball python (D:2)
  5 bats
  2 giant cockroaches
  8 goblins
  13 hobgoblins
  7 jackals
  3 frilled lizards
  8 kobolds
  A leopard gecko skeleton (D:4)
  7 rats
109 creatures vanquished.

Vanquished Creatures (collateral kills)
  A lemure (D:3)
  An orc (D:3)
2 creatures vanquished.

Grand Total: 111 creatures vanquished

Notes
Turn   | Place    | Note
-------+----------+-------------------------------------------
     0 | D:1      | pk666 the Deep Elf Hedge Wizard began the quest for the
                  | Orb.
     0 | D:1      | Reached XP level 1. HP: 10/10 MP: 7/7
   209 | D:1      | Reached XP level 2. HP: 10/15 MP: 0/9
   292 | D:1      | Learned a level 2 spell: Blink
   810 | D:1      | Reached skill level 5 in Spellcasting
   917 | D:1      | Found a sparkling altar of Nemelex Xobeh.
   985 | D:1      | Reached XP level 3. HP: 19/19 MP: 2/11
   990 | D:1      | Learned a level 3 spell: Conjure Flame
   994 | D:1      | Learned a level 3 spell: Mephitic Cloud
   997 | D:1      | Learned a level 2 spell: Call Imp
  1575 | D:2      | Found a blossoming altar of Fedhas.
  1937 | D:2      | Found a white marble altar of Elyvilon.
  2142 | D:2      | Reached XP level 4. HP: 20/24 MP: 7/13
  2333 | D:2      | Reached skill level 1 in Fire Magic
  2397 | D:2      | Found a snail-covered altar of Cheibriados.
  2712 | D:3      | Reached skill level 1 in Poison Magic
  2872 | D:3      | Reached skill level 1 in Air Magic
  3227 | D:3      | Reached XP level 5. HP: 28/28 MP: 12/14
  3481 | D:3      | Found a sparkling altar of Nemelex Xobeh.
  4409 | D:4      | Noticed a phantom
  4436 | D:4      | Killed a phantom
  4436 | D:4      | Reached XP level 6. HP: 20/32 MP: 1/16
  5046 | D:4      | Noticed Pikel
  5462 | D:3      | Reached skill level 6 in Spellcasting
  6542 | D:3      | Reached XP level 7. HP: 31/36 MP: 10/18
  6636 | D:4      | Found a hazy altar of Hepliaklqana.
  6825 | D:4      | Found an ancient bone altar of Kikubaaqudgha.
  7101 | D:4      | Reached skill level 7 in Spellcasting
  7345 | D:3      | Slain by a lemure

Illustrated notes

Levels and vault maps discovered:
D:1:      dpeg_arrival_water_temple_mockup, layout_basic,
          kennysheep_decorative_pillar, nemelex_diamond_rough_becter
D:2:      layout_loops_ring, lemuel_round_altar, lemuel_coloured_pillars_altar,
          nicolae_overflow_hidden_temple
D:3:      layout_rooms, minmay_misc_feat_columns, nemelex_dance_club_becter
D:4:      layout_cave_pools, kennysheep_mini_moat, old_standard_altar,
          kennysheep_generic_room_10, uniq_pikel

Skill      XL: |  1  2  3  4  5  6  7 |
---------------+----------------------+-----
Conjurations   | 2 3 4 |  4.6
Spellcasting   | 5 6 7 |  7.2
Translocations | 2 |  2.0
Fire Magic     | 1 2 3 4 |  4.0
Poison Magic   | 1 2 |  2.0
Air Magic      | 1 2 |  2.0
Summonings     | 2 |  2.0
Dodging        | |  2.4
Stealth        | |  2.4

Action                   |  1- 3 |  4- 6 |  7- 9 || total
-------------------------+-------+-------+-------++-------
Melee: Dagger            |     4 |     2 |    10 ||    16
 Cast: Magic Dart        |   133 |   268 |    56 ||   457
       Call Imp          |       |    12 |       ||    12
       Mephitic Cloud    |       |    10 |    11 ||    21
       Blink             |       |     8 |     3 ||    11
       Conjure Flame     |       |     2 |       ||     2
 Stab: Confused          |       |       |     4 ||     4
Armor: Robe              |    10 |     3 |       ||    13
Dodge: Dodged            |    16 |    74 |    12 ||   102

Table legend: (Time is in decaauts)
 A = Elapsed time spent in this place.
 B = Non-inter-level travel time spent in this place.
 C = Inter-level travel time spent in this place.
 D = Time resting spent in this place.
 E = Time spent auto-exploring this place.
 F = Levels seen in this place.
 G = Mean time per level.
                   A        B        C        D        E       F      G
               +--------+--------+--------+--------+--------+-----+--------+
         Total |   7362 |   6944 |    418 |   3610 |   2038 |   4 | 1840.5 |
       Dungeon |   7362 |   6944 |    418 |   3610 |   2038 |   4 | 1840.5 |
               +--------+--------+--------+--------+--------+-----+--------+

Top non-repeatable levels by time:
     D:3: 3438 daAuts
     D:1: 1342 daAuts
     D:2: 1333 daAuts
     D:4: 1248 daAuts
